 Dungeon Crawl Stone Soup version 0.30-a0-6-g7c9e10e132 (webtiles) character file.

Game seed: 12513429266415191436

47149 SensoryNuts the Severer (level 14, -15/113 HPs)
             Began as a Demonspawn Fighter on Aug 23, 2022.
             Was a High Priest of Jiyva.
             Demolished by an alligator snapping turtle (35 damage)
             ... on level 2 of the Shoals.
             The game lasted 00:26:23 (12343 turns).

SensoryNuts the Severer (Demonspawn Fighter)       Turns: 12343, Time: 00:26:23

Health: -15/113    AC: 22    Str: 23    XL:     14   Next: 7%
Magic:  14/14      EV: 10    Int: 13    God:    Jiyva [*****.]
Gold:   791        SH:  8    Dex: 30    Spells: 13/13 levels left

rFire   . . .      SeeInvis .    B - +3 war axe (flame)
rCold   . . .      Faith    .    e - orb {light}
rNeg    + + .      Spirit   .    I - +2 plate armour {rPois}
rPois   +          Reflect  .    (helmet unavailable)
rElec   .          Harm     .    k - +2 cloak
rCorr   +          Rampage  .    b - +1 pair of gloves of the Hart {rN+ Str+6 Dex+4}
Will    .....                    D - +1 pair of boots of Sloth {+Blink rN+ Dex+2}
Stlth   ..........               j - amulet of regeneration
HPRegen 8.52/turn                h - +4 ring of slaying
MPRegen 0.59/turn                r - +6 ring of dexterity

@: weak-willed, glowing
A: horns 3, yellow scales 2, powered by death 2, corrupting presence 2, large
bone plates 3, thin skeletal structure 1, clever 1, pseudopods 3, tendrils
a: Renounce Religion, Evoke Blink, Oozemancy, Slimify


You were on level 2 of the Shoals.
You worshipped Jiyva.
Jiyva was extremely pleased with you.
You visited 3 branches of the dungeon, and saw 16 of its levels.

You collected 791 gold pieces.

Inventory:

Hand Weapons
 B - a +3 war axe of flaming (weapon)
Missiles
 v - 3 throwing nets (quivered)
Armour
 b - the +1 pair of gloves of the Hart (worn) {rN+ Str+6 Dex+4}
   (You acquired it on level 1 of the Lair of Beasts)

   Str:       It affects your strength (+6).
   Dex:       It affects your dexterity (+4).
   rN:        It protects you from negative energy.
 e - an orb of light (worn)
 k - a +2 cloak (worn)
 D - the +1 pair of boots of Sloth (worn) {+Blink rN+ Dex+2}
   (You acquired it on level 1 of the Lair of Beasts)

   Dex:       It affects your dexterity (+2).
   rN:        It protects you from negative energy.
   +Blink:    It lets you blink.
 I - a +2 plate armour of poison resistance (worn)
Jewellery
 h - a +4 ring of slaying (left hand)
 i - a ring of ice
 j - an amulet of regeneration (around neck)
 r - a +6 ring of dexterity (right hand)
Wands
 a - a wand of digging (7)
 t - a wand of paralysis (16)
 x - a wand of light (13)
Scrolls
 c - a scroll of enchant weapon
 d - 4 scrolls of magic mapping
 g - 2 scrolls of butterflies
 m - a scroll of identify
 o - a scroll of amnesia {unknown}
 q - 2 scrolls of enchant armour
 w - 3 scrolls of vulnerability
 E - 2 scrolls of silence
 H - a scroll of immolation
Potions
 f - 2 potions of cancellation
 l - 4 potions of brilliance
 n - 2 potions of invisibility
 u - a potion of flight
 z - a potion of curing
 A - a potion of mutation
 C - a potion of lignification
 F - a potion of magic


   Skills:
 + Level 11.0 Fighting
 * Level 17.5 Axes
 + Level 9.3 Armour
 + Level 4.0 Dodging
 + Level 2.1 Stealth
 + Level 4.9 Shields


You had 13 spell levels left.
You didn't know any spells.
Your spell library contained the following spells:

 Spells                   Type           Power      Damage    Failure   Level
 Apportation              Tloc           0%         N/A       99%         1
 Magic Dart               Conj           0%         1d3       99%         1
 Necrotise                Necr           0%         1d4       99%         1
 Sandblast                Erth           0%         2d4       99%         1
 Summon Small Mammal      Summ           0%         N/A       99%         1
 Passwall                 Tmut/Erth      0%         N/A       99%         2
 Searing Ray              Conj           0%         2d4       99%         2
 Stone Arrow              Conj/Erth      0%         3d7       100%        3
 Tukima's Dance           Hex            0%         N/A       100%        3
 Corpse Rot               Necr/Pois/Air  0%         N/A       100%        4
 Dispel Undead            Necr           0%         3d6       100%        4
 Fulminant Prism          Conj/Hex       0%         3d6       100%        4
 Passage of Golubria      Tloc           0%         N/A       100%        4
 Yara's Violent Unravell  Hex/Tmut       0%         3d3       100%        5
 Death Channel            Necr           0%         N/A       100%        6


Dungeon Overview and Level Annotations

Branches:
Dungeon (10/15)            Temple (0/1) D:5            Lair (3/5) D:10
 Shoals (3/4) Lair:3
  Snake: Lair:2-3    Spider: Lair:2-3       Orc: D:9-12

Altars:
Yredelemnul
Jiyva

Shops:
D:8 *   D:9 *(((

Annotations:
Shoals:2 2 runed translucent doors


Innate Abilities, Weirdness & Mutations

You have a pair of large horns on your head.
You are mostly covered in yellow scales. (AC +3)
You regenerate health from kills.
Your presence sometimes corrodes or deforms those you injure.
You are completely covered in large bone plates. (SH +8)
You have a somewhat thin skeletal structure. (Dex +2, Stealth+)
Your mind is acute. (Int +4, Str/Dex -1)
Armour fits poorly on your massive pseudopods.
You are covered in slimy tendrils that may disarm your opponents.


Message History

You bludgeon the merfolk, but do no damage.
The merfolk is severely wounded.
You slash the alligator snapping turtle!
You burn the alligator snapping turtle.
The merfolk throws a boomerang.
The boomerang completely misses your azure jelly.
The boomerang barely misses you.
The merfolk javelineer throws a javelin.
The javelin pierces through your azure jelly!
Your azure jelly dies!
Your azure jelly dissolves into a puddle of slime!
The javelin pierces through you.
* * * LOW HITPOINT WARNING * * *
The javelin pierces through your acid blob!!
The merfolk hits you but does no damage. x2
Unknown command.
You're too confused to attack without stumbling around!
You're too confused to attack without stumbling around!
You're too confused to attack without stumbling around!
Are you sure you want to stumble around while confused and next to the acid blob?
This could place you under penance!
You're too confused to move!
The alligator snapping turtle is no longer moving slowly.
The alligator snapping turtle bites you!
* * * LOW HITPOINT WARNING * * *
The merfolk hits you from afar with a +0 trident!
* * * LOW HITPOINT WARNING * * *
The merfolk hits you from afar with a +0 trident!
* * * LOW HITPOINT WARNING * * *
The merfolk javelineer throws a javelin.
The javelin pierces through you but does no damage.
The merfolk hits you but does no damage.
You feel better.
You feel less invigorated.
Your acid blob splashes around in the water.
The merfolk javelineer throws a javelin.
The javelin pierces through you but does no damage.
The merfolk throws a boomerang.
The boomerang hits you but does no damage.
The merfolk throws a boomerang.
The boomerang hits you!
* * * LOW HITPOINT WARNING * * *
The alligator snapping turtle bites you!!
You die...

~~.~.~~~~~~~~~~~~~~~~~~
~~.~~~~~~~~~.~~..~~~..~
~~~~.~~~~~~~~~~...~~....
~~~~~~~~~~~~~~~~...~~...
~.~~~≈≈≈~~~~~†~........
~~~~~~≈≈≈≈~~~~..##...#
≈≈≈~~~≈≈≈≈~~~...###..#
≈≈≈~~~≈≈≈≈~~~~~))~m~.#
≈≈≈≈~~≈≈≈≈~~~~~J@~m~.#
≈≈≈≈≈≈≈≈≈≈~~~~~)mtm...#
≈≈≈≈≈ ≈≈≈≈≈≈~~~~~..~~..~
≈≈≈≈≈ ≈≈≈≈≈≈~~~~~~t~~~~
≈≈≈≈≈ ≈≈≈≈≈~~~~~~~~~~~
≈≈≈≈≈ ≈≈≈≈≈≈~~~~~~≈≈≈≈
≈≈≈≈ ≈≈≈≈≈≈≈≈≈≈≈~~~~ ≈≈≈
≈≈≈≈≈≈≈≈≈≈~~~~~ ≈


You could see an alligator snapping turtle (corroded, ally target), a merfolk
javelineer, a snapping turtle, 3 merfolk and a friendly acid blob (summoned).

Vanquished Creatures
  Mlioglotl (Shoals:2)
  Polyphemus (Shoals:1)
  Ilsuiw (Shoals:2)
  3 merfolk impalers
  A merfolk javelineer (Shoals:1)
  Josephine (D:10)
  Harold (D:10)
  A boulder beetle (Lair:2)
  A hydra (Lair:1)
  A catoblepas (Shoals:2)
  4 death yaks (Shoals:1)
  3 two-headed ogres
  4 sea snakes
  A lindwurm (Lair:2)
  A wolf spider (Lair:1)
  5 fauns (Shoals:2)
  4 cyclopes
  6 manticores
  An elephant (D:10)
  6 merfolk sirens (Shoals:2)
  2 black mambas
  2 water nymphs
  A gargoyle (D:10)
  A torpor snail (Lair:2)
  8 cane toads
  A rime drake (Lair:1)
  A komodo dragon (Lair:2)
  8 merfolk
  A polar bear (Lair:2)
  2 wind drakes
  A hornet (D:7)
  2 blink frogs (Lair:2)
  A dream sheep (Shoals:2)
  A shadow (D:9)
  Sigmund (D:2)
  A wyvern (D:10)
  A vampire (D:10)
  24 yaks
  4 wraiths
  A basilisk (D:10)
  A steam dragon (D:7)
  The ghost of Zeldest the Insei, an amateur DjWn of Makhleb (D:5)
  2 acid dragons
  Edmund (D:4)
  8 orc warriors
  3 water moccasins
  The ghost of Zeldest the Trooper, an amateur DrWn (D:5)
  2 black bears
  2 ice beasts (D:7)
  6 ogres
  21 wolves
  6 centaurs
  A phantom (D:6)
  3 kobold brigands
  10 bullfrogs
  A necrophage (D:5)
  2 scorpions (D:7)
  A gnoll sergeant (D:7)
  11 wights
  An electric eel (D:9)
  6 howler monkeys
  A crimson imp (D:6)
  4 hounds
  5 gnoll boudas
  6 jellies
  3 orc priests
  Ijyb (D:4)
  4 iguanas
  13 orc wizards
  28 gnolls
  8 adders
  A shadow imp (D:5)
  2 white imps
  2 ufetubi (D:5)
  A worm (D:3)
  3 dart slugs
  31 orcs
  6 ball pythons
  7 endoplasms
  5 giant cockroaches
  7 goblins
  6 hobgoblins
  3 jackals (D:3)
  2 quokkas
  10 bats
  A frilled lizard (D:1)
  21 kobolds
382 creatures vanquished.

Vanquished Creatures (collateral kills)
  A stone giant (Shoals:1)
  5 cyclopes (Shoals:1)
  3 dream sheep (Shoals:2)
9 creatures vanquished.

Vanquished Creatures (others)
  A slime creature (Shoals:2)
  A dream sheep (Shoals:2)
  A yak (Lair:2)
  A water moccasin (Lair:2)
  An orc warrior (D:9)
  An ogre (D:9)
  A centaur (D:9)
  2 bullfrogs
  33 jellies
  2 orc wizards (D:8)
  A kobold (D:10)
  26 fungi
  105 plants
  2 starspawn tentacles (Shoals:2)
  6 withered plants (D:5)
184 creatures vanquished.

Grand Total: 575 creatures vanquished

Notes
Turn   | Place    | Note
-------+----------+-------------------------------------------
     0 | D:1      | SensoryNuts the Demonspawn Fighter began the quest for the
                  | Orb.
     0 | D:1      | Reached XP level 1. HP: 18/18 MP: 1/1
   154 | D:1      | Reached skill level 2 in Axes
   320 | D:1      | Gained mutation: You have a pair of small horns on your
                  | head. [demonic ancestry]
   320 | D:1      | Reached XP level 2. HP: 20/24 MP: 2/2
  1184 | D:2      | HP: 1/24 [iguana (10)]
  1189 | D:2      | Gained mutation: You are partially covered in yellow
                  | scales. (AC +2) [demonic ancestry]
  1189 | D:2      | Reached XP level 3. HP: 5/29 MP: 3/3
  1280 | D:2      | Reached skill level 3 in Axes
  1394 | D:2      | Reached XP level 4. HP: 35/35 MP: 4/4
  1777 | D:2      | Noticed Sigmund
  1781 | D:2      | Gained mutation: You are clumsy. (Dex -2) [potion of
                  | mutation]
  1781 | D:2      | Gained mutation: You are strong-willed. (Will+) [potion of
                  | mutation]
  1791 | D:2      | Killed Sigmund
  1792 | D:2      | Reached skill level 4 in Axes
  1792 | D:2      | Reached XP level 5. HP: 38/42 MP: 5/5
  2054 | D:2      | Lost mutation: You are strong-willed. (Will+) [potion of
                  | mutation]
  2054 | D:2      | Lost mutation: You are clumsy. (Dex -2) [potion of
                  | mutation]
  2054 | D:2      | Gained mutation: You sometimes lose your temper in combat.
                  | [potion of mutation]
  2163 | D:3      | Gained mutation: You regenerate a little health from kills.
                  | [demonic ancestry]
  2163 | D:3      | Reached XP level 6. HP: 43/48 MP: 6/6
  2200 | D:3      | Found a faded altar of an unknown god.
  2247 | D:3      | Reached skill level 5 in Axes
  2353 | D:3      | Found a basalt altar of Yredelemnul.
  2608 | D:4      | Gained mutation: You have a pair of horns on your head.
                  | [demonic ancestry]
  2608 | D:4      | Reached XP level 7. HP: 54/54 MP: 7/7
  2633 | D:4      | Reached skill level 6 in Axes
  2642 | D:4      | Noticed Edmund
  2646 | D:4      | Killed Edmund
  2657 | D:4      | Reached skill level 1 in Dodging
  2818 | D:4      | Noticed Ijyb
  2825 | D:4      | Paralysed by Ijyb for 4 turns
  2833 | D:4      | Killed Ijyb
  3084 | D:4      | Noticed an angel
  3213 | D:5      | Entered Level 5 of the Dungeon
  3245 | D:5      | Reached skill level 7 in Axes
  3295 | D:5      | Gained mutation: Your presence sometimes corrodes those you
                  | injure. [demonic ancestry]
  3295 | D:5      | Reached XP level 8. HP: 60/60 MP: 8/8
  3330 | D:5      | Found a runed translucent gate.
  3338 | D:5      | Found a runed translucent gate.
  3339 | D:5      | Found a runed translucent gate.
  3340 | D:5      | Noticed Zeldest's ghost (amateur DrWn)
  3340 | D:5      | Noticed Zeldest's ghost (amateur DjWn)
  3429 | D:5      | Found a staircase to the Ecumenical Temple.
  3600 | D:5      | Reached skill level 8 in Axes
  3771 | D:5      | Killed Zeldest's ghost
  3771 | D:5      | Killed Zeldest's ghost
  3853 | D:6      | Identified the +5 sling of the Pyrrhic Victory {speed, rF++
                  | Will+}
  3982 | D:6      | Reached skill level 9 in Axes
  4581 | D:6      | Gained mutation: Your presence sometimes corrodes or
                  | deforms those you injure. [demonic ancestry]
  4581 | D:6      | Reached XP level 9. HP: 66/66 MP: 9/9
  5073 | D:7      | Reached skill level 10 in Axes
  5219 | D:7      | Reached skill level 5 in Fighting
  5412 | D:7      | Reached skill level 5 in Armour
  5859 | D:7      | Reached skill level 11 in Axes
  6197 | D:8      | Reached skill level 1 in Stealth
  6244 | D:8      | Found a viscous altar of Jiyva.
  6277 | D:8      | Became a worshipper of Jiyva Japtasuq the Shapeless
  6335 | D:8      | Gained mutation: You are mostly covered in yellow scales.
                  | (AC +3) [demonic ancestry]
  6335 | D:8      | Reached XP level 10. HP: 76/76 MP: 10/10
  6349 | D:8      | Noticed a two-headed ogre
  6356 | D:8      | Killed a two-headed ogre
  6516 | D:8      | Found Tuupnim's Assorted Antiques.
  7029 | D:9      | Reached * piety under Jiyva
  7188 | D:9      | Reached skill level 12 in Axes
  7386 | D:9      | Noticed an eight-headed hydra
  7517 | D:9      | Reached ** piety under Jiyva
  7860 | D:9      | Found Ruewku's Weapon Shop.
  7862 | D:9      | Found Vytol's General Store.
  7863 | D:9      | Found Vapp's Antique Weapon Emporium.
  7863 | D:9      | Found Yjuschir's Weapon Shop.
  8835 | D:10     | Entered Level 10 of the Dungeon
  8839 | D:10     | Noticed a gargoyle
  8843 | D:10     | Noticed a two-headed ogre
  8849 | D:10     | Killed a gargoyle
  8850 | D:10     | Reached skill level 13 in Axes
  8850 | D:10     | Gained mutation: You regenerate health from kills. [demonic
                  | ancestry]
  8850 | D:10     | Reached XP level 11. HP: 83/83 MP: 11/11
  8854 | D:10     | Killed a two-headed ogre
  8910 | D:10     | Found a staircase to the Lair.
  8917 | D:10     | Noticed a two-headed ogre
  8950 | D:10     | Killed a two-headed ogre
  9071 | D:10     | Reached *** piety under Jiyva
  9123 | D:10     | Noticed Josephine
  9130 | D:10     | Killed Josephine
  9135 | D:10     | Lost mutation: You sometimes lose your temper in combat.
                  | [Jiyva's grace]
  9135 | D:10     | Gained mutation: You are covered in slimy tendrils that may
                  | disarm your opponents. [Jiyva's grace]
  9135 | D:10     | Gained mutation: You have a pair of large horns on your
                  | head. [Jiyva's grace]
  9135 | D:10     | Gained mutation: Your melee attacks may engulf your foes in
                  | ooze. [Jiyva's grace]
  9135 | D:10     | Gained mutation: Your rubbery body absorbs attacks. (AC +1,
                  | EV +1) [Jiyva's grace]
  9203 | D:10     | Noticed Harold
  9212 | D:10     | Killed Harold
  9564 | Lair:1   | Entered Level 1 of the Lair of Beasts
  9585 | Lair:1   | Reached skill level 14 in Axes
  9612 | Lair:1   | Reached **** piety under Jiyva
  9703 | Lair:1   | Noticed a wolf spider
  9722 | Lair:1   | Killed a wolf spider
  9984 | Lair:1   | Noticed an eight-headed hydra
  9991 | Lair:1   | Killed a five-headed hydra
  9992 | Lair:1   | Reached XP level 12. HP: 79/92 MP: 12/12
 10276 | Lair:1   | Identified 3 scrolls of acquirement
 10278 | Lair:1   | Acquired the +1 pair of boots of Sloth {+Blink rN+ Dex+2}
 10285 | Lair:1   | Acquired a +2 plate armour of poison resistance
 10299 | Lair:1   | Acquired the +1 pair of gloves of the Hart {rN+ Str+6
                  | Dex+4}
 10354 | Lair:2   | Reached skill level 15 in Axes
 10373 | Lair:2   | Lost mutation: Your rubbery body absorbs attacks. (AC +1,
                  | EV +1) [Jiyva's grace]
 10373 | Lair:2   | Lost mutation: Your melee attacks may engulf your foes in
                  | ooze. [Jiyva's grace]
 10373 | Lair:2   | Gained mutation: You are partially covered in large bone
                  | plates. (SH +4) [Jiyva's grace]
 10373 | Lair:2   | Gained mutation: You are mostly covered in large bone
                  | plates. (SH +6) [Jiyva's grace]
 10373 | Lair:2   | Gained mutation: You are completely covered in large bone
                  | plates. (SH +8) [Jiyva's grace]
 10373 | Lair:2   | Gained mutation: You have a somewhat thin skeletal
                  | structure. (Dex +2, Stealth+) [Jiyva's grace]
 10411 | Lair:2   | Reached ***** piety under Jiyva
 10492 | Lair:2   | Noticed a boulder beetle
 10504 | Lair:2   | Killed a boulder beetle
 10748 | Lair:2   | Identified the +8 falchion "Jibbidoo" {drain, *Slow rElec
                  | rN+++ Str+4}
 10815 | Lair:2   | Reached skill level 16 in Axes
 11093 | Lair:3   | Found a staircase to the Shoals.
 11137 | Shoals:1 | Entered Level 1 of the Shoals
 11198 | Shoals:1 | Noticed a merfolk javelineer
 11216 | Shoals:1 | Killed a merfolk javelineer
 11506 | Shoals:1 | Noticed a stone giant
 11517 | Shoals:1 | Reached XP level 13. HP: 101/101 MP: 13/13
 11529 | Shoals:1 | Killed a stone giant
 11568 | Shoals:1 | Noticed a merfolk impaler
 11576 | Shoals:1 | Killed a merfolk impaler
 11802 | Shoals:2 | Noticed Polyphemus
 11839 | Shoals:1 | Killed Polyphemus
 11840 | Shoals:1 | Reached skill level 17 in Axes
 11910 | Shoals:2 | Reached ****** piety under Jiyva
 11910 | Shoals:2 | Noticed Ilsuiw
 11911 | Shoals:2 | Noticed a merfolk impaler
 11929 | Shoals:2 | Noticed Mlioglotl
 11931 | Shoals:2 | Noticed a tentacled starspawn
 11935 | Shoals:2 | Noticed a starcursed mass
 11938 | Shoals:2 | Noticed a tentacled starspawn
 11940 | Shoals:2 | Killed a merfolk impaler
 11941 | Shoals:2 | Reached skill level 10 in Fighting
 12086 | Shoals:3 | Noticed a merfolk impaler
 12094 | Shoals:2 | Found a large runed translucent door.
 12094 | Shoals:2 | Found a large runed translucent door.
 12106 | Shoals:2 | Noticed a green very ugly thing
 12110 | Shoals:2 | Noticed a red draconian
 12116 | Shoals:2 | Killed Mlioglotl
 12142 | Shoals:2 | Killed Ilsuiw
 12162 | Shoals:2 | Gained mutation: Armour fits poorly on your pseudopods.
                  | [Jiyva's grace]
 12162 | Shoals:2 | Gained mutation: Armour fits poorly on your large
                  | pseudopods. [Jiyva's grace]
 12162 | Shoals:2 | Gained mutation: Armour fits poorly on your massive
                  | pseudopods. [Jiyva's grace]
 12162 | Shoals:2 | Gained mutation: Your mind is acute. (Int +4, Str/Dex -1)
                  | [Jiyva's grace]
 12182 | Shoals:2 | Noticed a merfolk impaler
 12190 | Shoals:2 | Killed a merfolk impaler
 12270 | Shoals:2 | Mutation became permanent: You have a pair of horns on your
                  | head. [demonic ancestry]
 12270 | Shoals:2 | Gained mutation: You have a pair of large horns on your
                  | head. [demonic ancestry]
 12270 | Shoals:2 | Reached XP level 14. HP: 111/111 MP: 14/14
 12343 | Shoals:2 | Demolished by an alligator snapping turtle

Illustrated notes

Levels and vault maps discovered:
D:1:      sevenhm_arrival_forest_fort_small_6, layout_loops_ring,
          amcnicky_mini_pool_small, minmay_misc_feat_cross
D:2:      layout_basic, serial_forest, infiniplex_forest_straight_4,
          infiniplex_forest_end_2, infiniplex_forest_lined_3,
          infiniplex_forest_lined_corner, infiniplex_forest_fountain,
          infiniplex_forest_clump_small, uniq_sigmund
D:3:      layout_rooms, mainiacjoe_overflow_six_doors_small,
          hellmonk_ecumenical_altar_dog_temple
D:4:      layout_basic, zin_angel, uniq_ijyb, uniq_edmund
D:5:      layout_rooms, temple_statues, gammafunk_ghost_cemetery,
          chequers_avenue, minmay_stone_trees_medium
D:6:      layout_loops_ring, minmay_misc_feat_x, corexii_leaking_fountain,
          minmay_misc_feat_iff, minivault_24, serial_bayou_pond_c,
          minmay_fire_ice_demons
D:7:      layout_loops_corners, roderic_roman_lattice
D:8:      layout_loops_ring, serial_shops, shop, jiyva_altar_1
D:9:      kennysheep_seaside_town, layout_stronghold, nicolae_wooded_promenade,
          grunt_ministairs_3
D:10:     layout_loops_cross, david_lair_generic, uniq_harold, uniq_josephine
Lair:1:   layout_roguey, nicolae_lair_run_with_the_wolves
Lair:2:   layout_regular_city, beast_lair_carwin_10
Lair:3:   nzn_winding_woodlands_stair_trap
          [nzn_winding_woodlands_5x15_concentric,
          nzn_winding_woodlands_5x15_lazy_stream,
          nzn_winding_woodlands_5x15_longhouse,
          nzn_winding_woodlands_15x15_boxy_spiral,
          nzn_winding_woodlands_5x15_pathside_ponds,
          nzn_winding_woodlands_5x15_twine,
          nzn_winding_woodlands_5x15_split_checker], layout_hall_layers,
          minmay_shoals_entry_centaurs, lemuel_centaur_altar
Shoals:1: layout_shoals, st_shoals_ruin
Shoals:2: layout_shoals, ebering_ghost_disaster_area, uniq_polyphemus,
          uniq_ilsuiw, uniq_mlioglotl
Shoals:3: layout_shoals

Skill      XL: |  1  2  3  4  5  6  7  8  9 10 11 12 13 14 |
---------------+-------------------------------------------+-----
Axes           | 2 3 4 5 7 9 11 13 14 16 17 | 17.5
Armour         | 3 4 5 6 7 9 |  9.3
Fighting       | 4 5 6 7 9 10 11 | 11.0
Dodging        | 1 2 3 4 |  4.0
Stealth        | 1 2 |  2.1
Shields        | 3 4 |  4.9

Action                   |  1- 3 |  4- 6 |  7- 9 | 10-12 | 13-15 || total
-------------------------+-------+-------+-------+-------+-------++-------
Melee: War axe           |    51 |    74 |   238 |   366 |   161 ||   890
       Headbutt          |       |    12 |    49 |   114 |    45 ||   220
       Pseudopods        |       |       |       |       |    15 ||    15
Throw: Throwing net      |       |       |     1 |       |       ||     1
Invok: Slimify           |       |       |       |       |     2 ||     2
  Use: Potion            |     4 |     3 |     8 |    10 |     6 ||    31
       Scroll            |       |     5 |     8 |    13 |     3 ||    29
Armor: Scale mail        |    33 |    48 |   104 |    99 |       ||   284
       Plate armour      |       |       |       |    56 |   121 ||   177
Dodge: Dodged            |    29 |    47 |    85 |   195 |    69 ||   425
Block: Buckler           |     2 |       |       |       |       ||     2
       Orb               |       |       |       |    34 |    60 ||    94

Table legend: (Time is in decaauts)
 A = Elapsed time spent in this place.
 B = Non-inter-level travel time spent in this place.
 C = Inter-level travel time spent in this place.
 D = Time resting spent in this place.
 E = Time spent auto-exploring this place.
 F = Levels seen in this place.
 G = Mean time per level.
                   A        B        C        D        E       F      G
               +--------+--------+--------+--------+--------+-----+--------+
         Total |  12396 |  11750 |    646 |    722 |   8667 |  16 |  774.8 |
       Dungeon |   9672 |   9054 |    618 |    595 |   6849 |  10 |  967.2 |
          Lair |   1534 |   1506 |     28 |      0 |   1170 |   3 |  511.3 |
        Shoals |   1189 |   1189 |      0 |    127 |    647 |   3 |  396.3 |
               +--------+--------+--------+--------+--------+-----+--------+

Top non-repeatable levels by time:
     D:9: 1861 daAuts
     D:7: 1245 daAuts
     D:1: 1201 daAuts
     D:6: 1088 daAuts
     D:2: 921 daAuts
     D:8: 853 daAuts
  Lair:1: 758 daAuts
    D:10: 749 daAuts
     D:4: 734 daAuts
  Lair:2: 733 daAuts
Shoals:1: 701 daAuts
     D:5: 620 daAuts
     D:3: 396 daAuts
Shoals:2: 341 daAuts
Shoals:3: 146 daAuts
